TOP OF THE 1ST |
Cincinnati Reds batting - Pitching for Pittsburgh Pirates : RHP Michel Baez
|
Pitching: RHP Michel Baez
|
|
Batting: SHB Adalberto Mondesi
|
0-0: Called Strike 0-1: Ball 1-1: Foul Ball, location: 2F 1-2: Strikes out swinging
|
Batting: RHB Trea Turner
|
0-0: Called Strike 0-1: Foul Ball, location: 2F 0-2: Foul Ball, location: 2F 0-2: Strikes out swinging
|
Batting: LHB Gregory Polanco
|
0-0: Ball 1-0: Called Strike 1-1: Ball 2-1: Ground out 1-3 (Groundball, 13S, EV 69.4 MPH)
|
Top of the 1st over - 0 runs, 0 hits, 0 errors, 0 left on base; Cincinnati 0 - Pittsburgh 0 |
BOTTOM OF THE 1ST |
Pittsburgh Pirates batting - Pitching for Cincinnati Reds : LHP Drew Smyly
|
Pitching: LHP Drew Smyly
|
|
Batting: LHB Jason Kipnis
|
0-0: Foul Ball, location: 2F 0-1: Ball 1-1: Fly out, F8 (Flyball, 8LS, EV 87.5 MPH)
|
Batting: RHB Byron Buxton
|
0-0: Foul Ball, location: 2F 0-1: Ball 1-1: Ball 2-1: Fly out, F8 (Flyball, 8LS, EV 76.3 MPH)
|
Batting: LHB Didi Gregorius
|
0-0: Foul Ball, location: 2F 0-1: SINGLE (Line Drive, 3D, EV 94.4 MPH)
|
Batting: RHB Franmil Reyes
|
0-0: Ball 1-0: Called Strike 1-1: Ball 2-1: Foul Ball, location: 2F 2-2: Strikes out swinging
|
Bottom of the 1st over - 0 runs, 1 hit, 0 errors, 1 left on base; Cincinnati 0 - Pittsburgh 0 |
TOP OF THE 2ND |
Cincinnati Reds batting - Pitching for Pittsburgh Pirates : RHP Michel Baez
|
Batting: RHB Gio Urshela
|
0-0: SINGLE (Line Drive, 6D, EV 102.5 MPH)
|
Batting: LHB Joey Gallo
|
0-0: Ball 1-0: Ball 2-0: Ball 3-0: Base on Balls Gio Urshela to second
|
Batting: RHB Tomas Nido
|
0-0: Ball 1-0: Foul Ball, location: 2F 1-1: Ball 2-1: Ball 3-1: Fly out, F8 (Flyball, 8LD, EV 105.0 MPH)
|
Batting: LHB Robinson Cano
|
0-0: Ball 1-0: Ball 2-0: Ball 3-0: Called Strike 3-1: Base on Balls Gio Urshela to third Joey Gallo to second
|
Batting: RHB Kevin Newman
|
0-0: Swinging Strike 0-1: Called Strike 0-2: Strikes out swinging
|
Batting: LHB Drew Smyly
|
0-0: Ball 1-0: Ground out 4-3 (Groundball, 4, EV 88.8 MPH)
|
Top of the 2nd over - 0 runs, 1 hit, 0 errors, 3 left on base; Cincinnati 0 - Pittsburgh 0 |
BOTTOM OF THE 2ND |
Pittsburgh Pirates batting - Pitching for Cincinnati Reds : LHP Drew Smyly
|
Batting: LHB Eric Thames
|
0-0: Ground out U3 (Groundball, 34, EV 77.5 MPH)
|
Batting: RHB Bobby Dalbec
|
0-0: Called Strike 0-1: Foul Ball, location: 2F 0-2: Foul Ball, location: 2F 0-2: Ball 1-2: SINGLE (Line Drive, 5D, EV 97.5 MPH)
|
Batting: RHB Yasmany Tomas
|
0-0: 2-RUN HOME RUN (Flyball, 78XD, EV 95.0 MPH), Distance : 414 ft
|
Batting: LHB Jason Castro
|
0-0: Called Strike 0-1: Ball 1-1: Foul Ball, location: 2F 1-2: Strikes out looking
|
Batting: RHB Michel Baez
|
0-0: Ball 1-0: Foul Ball, location: 2F 1-1: DOUBLE (Line Drive, 78M, EV 106.9 MPH)
|
Batting: LHB Jason Kipnis
|
0-0: Swinging Strike 0-1: Ball 1-1: Ground out 6-3 (Groundball, 6S, EV 81.9 MPH)
|
Bottom of the 2nd over - 2 runs, 3 hits, 0 errors, 1 left on base; Cincinnati 0 - Pittsburgh 2 |
TOP OF THE 3RD |
Cincinnati Reds batting - Pitching for Pittsburgh Pirates : RHP Michel Baez
|
Batting: SHB Adalberto Mondesi
|
0-0: Ball 1-0: Fly out, F6 (Line Drive, 6, EV 63.1 MPH)
|
Batting: RHB Trea Turner
|
0-0: Ball 1-0: Ball 2-0: Called Strike 2-1: SOLO HOME RUN (Flyball, 7D, EV 93.8 MPH), Distance : 396 ft
|
Batting: LHB Gregory Polanco
|
0-0: Ball 1-0: Ball 2-0: Called Strike 2-1: Swinging Strike 2-2: Foul Ball, location: 2F 2-2: Strikes out swinging
|
Batting: RHB Gio Urshela
|
0-0: Foul Ball, location: 2F 0-1: Foul Ball, location: 2F 0-2: Ball 1-2: Foul Ball, location: 2F 1-2: Reached on error, E9 (Flyball, 89M, EV 95.0 MPH)
|
Batting: LHB Joey Gallo
|
0-0: Ball 1-0: Foul Ball, location: 2F 1-1: Swinging Strike 1-2: Foul Ball, location: 2F 1-2: Ball 2-2: Strikes out looking
|
Top of the 3rd over - 1 run, 1 hit, 1 error, 1 left on base; Cincinnati 1 - Pittsburgh 2 |
BOTTOM OF THE 3RD |
Pittsburgh Pirates batting - Pitching for Cincinnati Reds : LHP Drew Smyly
|
Batting: RHB Byron Buxton
|
0-0: Foul Ball, location: 2F 0-1: Called Strike 0-2: Ball 1-2: Ball 2-2: Ball 3-2: Foul Ball, location: 2F 3-2: Foul Ball, location: 2F 3-2: Foul Ball, location: 2F 3-2: Base on Balls
|
Batting: LHB Didi Gregorius
|
0-0: Ball 1-0: Foul Ball, location: 2F 1-1: Single, Error in OF, E7, batter to second base (Line Drive, 78S, EV 88.8 MPH) Byron Buxton to third
|
Batting: RHB Franmil Reyes
|
0-0: Called Strike 0-1: Ball 1-1: Called Strike 1-2: Strikes out swinging
|
Batting: LHB Eric Thames
|
0-0: Called Strike 0-1: Foul Ball, location: 2F 0-2: Foul Ball, location: 2F 0-2: Foul Ball, location: 2F 0-2: Ball 1-2: Strikes out swinging
|
Batting: RHB Bobby Dalbec
|
0-0: Fly out, F8 (Flyball, 78D, EV 100.0 MPH)
|
Bottom of the 3rd over - 0 runs, 1 hit, 1 error, 2 left on base; Cincinnati 1 - Pittsburgh 2 |
TOP OF THE 4TH |
Cincinnati Reds batting - Pitching for Pittsburgh Pirates : RHP Michel Baez
|
Batting: RHB Tomas Nido
|
0-0: Foul Ball, location: 2F 0-1: Ball 1-1: Ground out 6-3 (Groundball, P, EV 78.1 MPH)
|
Batting: LHB Robinson Cano
|
0-0: SINGLE (Groundball, 34S, EV 65.0 MPH) (infield hit)
|
Batting: RHB Kevin Newman
|
0-0: Ball 1-0: Ball 2-0: Ground out 6-3 (Groundball, 6S, EV 71.3 MPH) Robinson Cano to second
|
Batting: LHB Drew Smyly
|
0-0: Ball 1-0: Called Strike 1-1: Foul Ball, location: 2F 1-2: Foul Ball, location: 2F 1-2: Ball 2-2: Foul Ball, location: 2F 2-2: Ball 3-2: Strikes out swinging
|
Top of the 4th over - 0 runs, 1 hit, 0 errors, 1 left on base; Cincinnati 1 - Pittsburgh 2 |
BOTTOM OF THE 4TH |
Pittsburgh Pirates batting - Pitching for Cincinnati Reds : LHP Drew Smyly
|
Batting: RHB Yasmany Tomas
|
0-0: Ball 1-0: Ball 2-0: Fly out, F6 (Popup, 4S, EV 68.8 MPH)
|
Batting: LHB Jason Castro
|
0-0: Swinging Strike 0-1: Swinging Strike 0-2: Strikes out looking
|
Batting: RHB Michel Baez
|
0-0: Ball 1-0: Foul Ball, location: 2F 1-1: Fly out, F9 (Flyball, 9LM, EV 98.8 MPH)
|
Bottom of the 4th over - 0 runs, 0 hits, 0 errors, 0 left on base; Cincinnati 1 - Pittsburgh 2 |
TOP OF THE 5TH |
Cincinnati Reds batting - Pitching for Pittsburgh Pirates : RHP Michel Baez
|
Batting: SHB Adalberto Mondesi
|
0-0: Ground out 3-1 (Groundball, 34, EV 89.4 MPH)
|
Batting: RHB Trea Turner
|
0-0: Foul Ball, location: 2F 0-1: Swinging Strike 0-2: Strikes out looking
|
Batting: LHB Gregory Polanco
|
0-0: Called Strike 0-1: Ball 1-1: Ball 2-1: Called Strike 2-2: Strikes out swinging
|
Top of the 5th over - 0 runs, 0 hits, 0 errors, 0 left on base; Cincinnati 1 - Pittsburgh 2 |
BOTTOM OF THE 5TH |
Pittsburgh Pirates batting - Pitching for Cincinnati Reds : LHP Drew Smyly
|
Batting: LHB Jason Kipnis
|
0-0: Ball 1-0: Fly out, F5 (Popup, 5S, EV 73.8 MPH)
|
Batting: RHB Byron Buxton
|
0-0: Called Strike 0-1: Ball 1-1: Foul Ball, location: 2F 1-2: Strikes out swinging
|
Batting: LHB Didi Gregorius
|
0-0: Swinging Strike 0-1: Ball 1-1: Foul Ball, location: 2F 1-2: Foul Ball, location: 2F 1-2: Ball 2-2: Ball 3-2: Fly out, F9 (Flyball, 89M, EV 92.5 MPH)
|
Bottom of the 5th over - 0 runs, 0 hits, 0 errors, 0 left on base; Cincinnati 1 - Pittsburgh 2 |
TOP OF THE 6TH |
Cincinnati Reds batting - Pitching for Pittsburgh Pirates : RHP Michel Baez
|
Pitching: RHP Adam Ottavino
|
|
Batting: RHB Gio Urshela
|
0-0: Swinging Strike 0-1: Ball 1-1: Ball 2-1: Fly out, F9 (Flyball, 9D, EV 101.3 MPH)
|
Batting: LHB Joey Gallo
|
0-0: Ball 1-0: Ball 2-0: Ball 3-0: Called Strike 3-1: Called Strike 3-2: Foul Ball, location: 2F 3-2: Strikes out swinging
|
Batting: RHB Tomas Nido
|
0-0: Swinging Strike 0-1: Ball 1-1: Ball 2-1: Reached on error, E5 (Groundball, 56, EV 103.8 MPH)
|
Pitching: RHP Trevor May
|
|
Batting: LHB Robinson Cano
|
0-0: Ball 1-0: Ball 2-0: Ground out 4-3 (Groundball, 34, EV 83.8 MPH)
|
Top of the 6th over - 0 runs, 0 hits, 1 error, 1 left on base; Cincinnati 1 - Pittsburgh 2 |
BOTTOM OF THE 6TH |
Pittsburgh Pirates batting - Pitching for Cincinnati Reds : LHP Drew Smyly
|
Pitching: LHP Justus Sheffield
|
|
Now at 1B: Ryan O'Hearn
|
|
Batting: RHB Franmil Reyes
|
0-0: Swinging Strike 0-1: Called Strike 0-2: Ball 1-2: Strikes out swinging
|
Batting: LHB Eric Thames
|
0-0: Foul Ball, location: 2F 0-1: Ball 1-1: Foul Ball, location: 2F 1-2: Ball 2-2: Strikes out swinging
|
Batting: RHB Bobby Dalbec
|
0-0: Fly out, F7 (Line Drive, 7, EV 92.5 MPH)
|
Bottom of the 6th over - 0 runs, 0 hits, 0 errors, 0 left on base; Cincinnati 1 - Pittsburgh 2 |
TOP OF THE 7TH |
Cincinnati Reds batting - Pitching for Pittsburgh Pirates : RHP Trevor May
|
Batting: RHB Kevin Newman
|
0-0: Ball 1-0: Ground out 1-3 (Groundball, 15S, EV 65.0 MPH)
|
Batting: LHB Ryan O'Hearn
|
0-0: Ball 1-0: Ball 2-0: SINGLE (Line Drive, 78S, EV 85.6 MPH)
|
Pinch Hitting: RHB Nelson Cruz
|
0-0: Ball 1-0: Called Strike 1-1: Ball 2-1: Swinging Strike 2-2: Ball 3-2: Strikes out swinging
|
Batting: RHB Trea Turner
|
0-0: Called Strike 0-1: Foul Ball, location: 2F 0-2: Ball 1-2: SINGLE (Line Drive, 6D, EV 100.0 MPH) Ryan O'Hearn to second
|
Batting: LHB Gregory Polanco
|
0-0: Called Strike 0-1: Swinging Strike 0-2: Ball 1-2: Strikes out looking
|
Top of the 7th over - 0 runs, 2 hits, 0 errors, 2 left on base; Cincinnati 1 - Pittsburgh 2 |
BOTTOM OF THE 7TH |
Pittsburgh Pirates batting - Pitching for Cincinnati Reds : LHP Justus Sheffield
|
Now at 2B: Chad Pinder
|
|
Batting: RHB Yasmany Tomas
|
0-0: Called Strike 0-1: Called Strike 0-2: Strikes out looking
|
Batting: LHB Jason Castro
|
0-0: Called Strike 0-1: Ball 1-1: DOUBLE (Line Drive, 5D, EV 96.3 MPH)
|
Pinch Hitting: RHB Renato Nunez
|
0-0: Swinging Strike 0-1: Swinging Strike 0-2: Foul Ball, location: 2F 0-2: Strikes out swinging
|
Batting: LHB Jason Kipnis
|
0-0: Foul Ball, location: 2F 0-1: Ball 1-1: Called Strike 1-2: Ball 2-2: Foul Ball, location: 2F 2-2: Strikes out looking
|
Bottom of the 7th over - 0 runs, 1 hit, 0 errors, 1 left on base; Cincinnati 1 - Pittsburgh 2 |
TOP OF THE 8TH |
Cincinnati Reds batting - Pitching for Pittsburgh Pirates : RHP Trevor May
|
Pitching: RHP Seranthony Dominguez
|
|
Batting: RHB Gio Urshela
|
0-0: Ball 1-0: Ground out 1-3 (Groundball, P, EV 68.8 MPH)
|
Batting: LHB Joey Gallo
|
0-0: Ground out 6-3 (Groundball, 4S, EV 85.0 MPH)
|
Batting: RHB Tomas Nido
|
0-0: Ball 1-0: Ball 2-0: Ground out 5-3 (Groundball, 5, EV 86.3 MPH)
|
Top of the 8th over - 0 runs, 0 hits, 0 errors, 0 left on base; Cincinnati 1 - Pittsburgh 2 |
BOTTOM OF THE 8TH |
Pittsburgh Pirates batting - Pitching for Cincinnati Reds : LHP Justus Sheffield
|
Pitching: RHP Richard Rodriguez
|
|
Batting: RHB Byron Buxton
|
0-0: Called Strike 0-1: Ball 1-1: Ground out 5-3 (Groundball, 56S, EV 80.6 MPH)
|
Batting: LHB Didi Gregorius
|
0-0: Fly out, F9 (Flyball, 89M, EV 90.0 MPH)
|
Batting: RHB Franmil Reyes
|
0-0: Ball 1-0: Ball 2-0: Called Strike 2-1: Called Strike 2-2: Ball 3-2: Fly out, F9 (Flyball, 9S, EV 89.4 MPH)
|
Bottom of the 8th over - 0 runs, 0 hits, 0 errors, 0 left on base; Cincinnati 1 - Pittsburgh 2 |
TOP OF THE 9TH |
Cincinnati Reds batting - Pitching for Pittsburgh Pirates : RHP Seranthony Dominguez
|
Pinch Hitting: RHB Phillip Ervin
|
0-0: Ball 1-0: Swinging Strike 1-1: Ball 2-1: Foul Ball, location: 2F 2-2: Ground out 4-3 (Groundball, 34S, EV 85.0 MPH)
|
Pitching: LHP Taylor Rogers
|
|
Batting: RHB Kevin Newman
|
0-0: Ball 1-0: Ball 2-0: Foul Ball, location: 2F 2-1: Swinging Strike 2-2: Foul Ball, location: 2F 2-2: SINGLE (Line Drive, 7LM, EV 113.1 MPH)
|
Batting: LHB Ryan O'Hearn
|
0-0: Fly out, F9 (Flyball, 9LM, EV 85.0 MPH)
|
Batting: RHB Chad Pinder
|
0-0: Ball 1-0: Swinging Strike 1-1: Foul Ball, location: 2F 1-2: Strikes out swinging passed ball, reaches first! Kevin Newman to second
|
Batting: RHB Trea Turner
|
0-0: Called Strike 0-1: Ball 1-1: Foul Ball, location: 2F 1-2: Foul Ball, location: 2F 1-2: Strikes out looking
|
Top of the 9th over - 0 runs, 1 hit, 0 errors, 2 left on base; Cincinnati 1 - Pittsburgh 2 |
|